 Dungeon Crawl Stone Soup version 0.31.0-9-g3a7656b989 (webtiles) character file.

Game seed: 7798871573210909163

122311 Amaterasu the Brawler (level 16, 0/138 HPs)
             Began as a Yellow Draconian Shapeshifter on Jan 24, 2024.
             Was the Champion of Jiyva.
             Slain by Donald
             ... wielding a +0 long sword of electrocution
              (39 damage)
             ... on level 2 of the Swamp.
             The game lasted 01:06:42 (21359 turns).

Amaterasu the Brawler (DrSh)                       Turns: 21359, Time: 01:06:43

Health: 0/138      AC:  0    Str: 14    XL:     16   Next: 34%
Magic:  29/29      EV: 23    Int: 22    God:    Jiyva [******]
Gold:   1806       SH:  5    Dex: 18    Spells: 8/33 levels left

rFire   . .          .
                       - Unarmed
rCold   . . .        (shield currently unavailable)
rNeg    . . .        (body armour unavailable)
rPois   .            (helmet currently unavailable)
rElec   .            l - melded +2 cloak
rCorr   +            (gloves unavailable)
SInv    +            i - melded +2 pair of boots "Saiq Doe" {rF+ rN+ Str+2 Dex+2}
Will    +....        v - amulet of reflection
Stlth   ++           K - melded +5 ring of evasion
HPRegen 2.03/turn    J - melded +4 ring of protection
MPRegen 1.01/turn

%: reflection, clarity
@: pig-form, very quick
A: fast, no casting, (spit acid), AC +9, small, unfitting armour, (acidic bite),
(cold-blooded), (acid resistance), (big wings), (claws 3), see invisible, agile
2, clarity, clever 2, (gelatinous body 1), (translucent skin 1)
a: Renounce Religion, Oozemancy, Slimify


You were on level 2 of the Swamp.
You worshipped Jiyva.
Jiyva was exalted by your worship.
You were a filthy swine.
You visited 4 branches of the dungeon, and saw 24 of its levels.
You also visited: Bailey.

You collected 1899 gold pieces.
You spent 93 gold pieces at shops.

Inventory:

Missiles
 z - 2 throwing nets (quivered)
Armour
 e - a +0 pair of gloves
 i - the +2 pair of boots "Saiq Doe" (melded) {rF+ rN+ Str+2 Dex+2}
   (You acquired it on level 3 of the Dungeon)

   Str+2:     It affects your strength (+2).
   Dex+2:     It affects your dexterity (+2).
   rF+:       It protects you from fire.
   rN+:       It protects you from negative energy.
 l - a +2 cloak (melded)
Magical Staves
 N - a staff of alchemy
Jewellery
 t - an amulet of regeneration
 v - an amulet of reflection (around neck)
 F - a ring of fire
 J - a +4 ring of protection (melded)
 K - a +5 ring of evasion (melded)
 M - a ring of see invisible
 S - an amulet of the acrobat
Talismans
 c - a flux talisman
 j - a beast talisman
 x - a maw talisman (active)
Wands
 b - a wand of iceblast (28)
 m - a wand of mindburst (45)
 q - a wand of quicksilver (20)
 C - a wand of charming (11)
 D - a wand of digging (4)
 H - a wand of flame (36)
Scrolls
 n - 5 scrolls of revelation
 r - 2 scrolls of fear
 u - 3 scrolls of vulnerability
 w - 2 scrolls of blinking
 y - 7 scrolls of teleportation
 A - 3 scrolls of enchant weapon
 B - 3 scrolls of enchant armour
 G - a scroll of silence
 L - 2 scrolls of fog
 O - 4 scrolls of amnesia
 R - 4 scrolls of identify
Potions
 a - 3 potions of lignification
 d - 5 potions of might
 f - 2 potions of haste
 g - a potion of brilliance
 h - 5 potions of heal wounds
 k - 6 potions of curing
 o - 2 potions of resistance
 p - 2 potions of berserk rage
 s - a potion of invisibility
 E - 4 potions of attraction
 I - 7 potions of ambrosia
 P - a potion of cancellation
 T - 2 potions of enlightenment
Miscellaneous
 Q - a phial of floods


   Skills:
 * Level 11.4 Fighting
 * Level 12.6 Dodging
 * Level 15.8 Unarmed Combat
 * Level 9.4 Spellcasting
 * Level 5.6 Conjurations
 * Level 1.9 Necromancy
 * Level 1.7 Earth Magic
 * Level 9.5 Alchemy
 - Level 6.0 Invocations
 * Level 11.0 Shapeshifting


You had 8 spell levels left.
You knew the following spells:

 Your Spells              Type           Power      Damage    Failure   Level
a - Olgreb's Toxic Radia  Alch           51%        N/A       1%          4
b - Irradiate             Conj/Alch      21%        3d18      8%          5
c - Alistair's Intoxicat  Alch           34%        N/A       3%          5
d - Eringya's Noxious Bo  Alch           25%        4d6       21%         6
e - Borgnjor's Vile Clut  Necr/Erth      9%         N/A       63%         5

Your spell library contained the following spells:

 Spells                   Type           Power      Damage    Failure   Level
 Sting                    Conj/Alch      100%       1d9       1%          1
 Mercury Vapours          Alch/Air       62%        N/A       1%          2
 Momentum Strike          Conj/Tloc      44%        3d9       3%          2
 Dazzling Flash           Conj/Hex       44%        N/A       6%          3
 Inner Flame              Hex/Fire       10%        N/A       19%         3
 Volatile Blastmotes      Fire/Tloc      20%        2d11      19%         3
 Flame Wave               Conj/Fire      22%        2d8       21%         4
 Fireball                 Conj/Fire      11%        3d7       50%         5
 Cause Fear               Hex            5%         N/A       54%         4
 Bombard                  Conj/Erth      13%        9d3       91%         6
 Starburst                Conj/Fire      11%        6d5       97%         6
 Ignition                 Fire           5%         3d4       100%        8
 Lehudib's Crystal Spear  Conj/Erth      13%        10d4      100%        8
 Maxwell's Capacitive Co  Air            5%         ∞         100%        8
 Dragon's Call            Summ           5%         N/A       100%        9


Dungeon Overview and Level Annotations

Branches:
Dungeon (15/15)            Temple (0/1) D:6            Lair (5/5) D:11
  Swamp (2/4) Lair:2       Spider (0/4) Lair:3        Slime (0/5) Lair:5
    Orc (2/2) D:10            Elf (0/3) Orc:2        Vaults (0/5) D:14
 Depths (0/4) D:15         Bailey (visited)

Altars:
Fedhas
Hepliaklqana
Kikubaaqudgha
Nemelex Xobeh
Ru
Sif Muna
Uskayaw
Wu Jian
Xom
Yredelemnul
Jiyva

Shops:
D:6 :   D:7 :   D:13 [   Orc:2 ?*!:

Annotations:
Lair:1 1 runed translucent door
Swamp:1 1 runed translucent door, kwasso's ghost, journeyman MiFi
Swamp:2 1 runed translucent door, Donald


Innate Abilities, Weirdness & Mutations

You are a filthy swine.
You move quickly.
Your equipment is almost entirely melded.
You are incapable of wielding weapons or throwing items.
You cannot cast spells.
((You can spit globs of acid.))
((Your golden yellow scales are hard. (AC +9)))
You cannot fit into any form of body armour.
((You have acidic saliva.))
((You are cold-blooded and may be slowed by cold attacks.))
((You are resistant to acid. (rCorr)))
((Your large and strong wings let you fly.))
((You have claws for hands.))
You have supernaturally acute eyesight. (SInv)
You are very agile. (Dex +8, Str/Int -2)
You possess an exceptional clarity of mind.
Your mind is very acute. (Int +8, Str/Dex -2)
((Your rubbery body absorbs attacks. (AC +1, EV +1)))
((Your translucent skin slightly reduces your foes' accuracy. (Stealth+)))


Message History

You enter the shallow water.
Moving in this stuff is going to be slow.
Donald the Adventurer comes into view.
He is wielding a +0 long sword of electrocution, wearing a +0 chain mail of fire resistance and wearing a +2 kite shield of protection.
Donald shouts!
Donald says, "That buzzing noise?
I hate that the most."
Donald gestures wildly while chanting.
Donald seems to speed up.
Donald says, "If there's anything I hate more than water, it's brackish swamp water."
Donald says, "You must hate doors a lot."
Donald casts a spell.
Donald seems to grow stronger.
Donald says, "I hate trees.
I hate swamp water.
I hate this place."
Donald says, "I hate trees.
I hate swamp water.
I hate this place."
Donald attacks as he pursues you! You block Donald's attack.
Donald says, "I hate slime."
Donald says, "You must hate doors a lot."
You enter the shallow water.
Moving in this stuff is going to be slow.
Donald attacks as he pursues you!
Donald hits you with a +0 long sword of electrocution!!
Donald attacks as he pursues you! Donald completely misses you.
Donald winces.
Donald hits you with a +0 long sword of electrocution!!!
You shudder from the blow and a jelly pops out!
You block Donald's attack.
Your rockslime hits Donald!
Donald holds his ground!
Donald says, "At least there's some dry land.
I hate getting wet."
Donald completely misses you.
Your rockslime hits Donald.
Donald holds his ground!
Donald attacks as he pursues you!
Donald hits you with a +0 long sword of electrocution!
Donald says, "You must hate doors a lot."
Donald attacks as he pursues you! Donald closely misses you.
Donald hits you with a +0 long sword of electrocution!
You are electrocuted!
* * * LOW HITPOINT WARNING * * *
Donald attacks as he pursues you!
Donald hits you with a +0 long sword of electrocution!!!
You die...
Donald says, "Well, maybe you weren't so bad after all."

♣♣§♣♣♣...♣
♣~.~~^.~~~~~~...♣~~~ ♣♣
♣♣~♣♣♣♣.♣♣~..~..~~..♣♣♣♣.~
♣♣~♣♣~~♣♣♣♣J..♣~§~♣♣ ♣.~
♣~♣~~<~♣♣♣...~~~§♣ ♣~~
♣.♣♣~.~.♣♣♣.♣♣~.♣♣ ♣.~
♣~♣♣..~.♣♣♣♣♣♣~~♣ ♣<.
♣~♣.J♣~~~♣ ♣..♣ ♣..
♣♣♣♣.♣~.~♣§.♣♣ ♣♣.♣♣ ♣♣~
♣.♣♣.~~♣.@h.~♣♣♣..♣
♣♣.♣..♣♣♣>>~....~.♣ ♣♣...♣
♣♣~~~♣..~♣♣ ♣♣..♣
♣♣.§.♣♣.♣ ♣~~.♣ ♣.♣♣♣♣♣♣
♣♣~~♣♣ ♣.♣ ♣.♣.♣ ♣.♣ ♣.♣.♣
♣♣♣ ♣.♣♣♣


You could see Donald (fast, strong, ally target) and a friendly rockslime
(summoned).

Vanquished Creatures
  A thorn hunter (Swamp:2)
  Agnes (D:14)
  2 fenstrider witches (Swamp:2)
  2 eleionomae (Swamp:2)
  A dire elephant (Lair:2)
  A bunyip (Swamp:2)
  4 fire dragons
  Fannar (D:12)
  2 shambling mangroves (Swamp:2)
  2 vault guards
  2 ogre magi (Orc:2)
  11 hydras
  3 catoblepae
  A ghost crab (Swamp:1)
  7 centaur warriors
  5 boulder beetles
  10 two-headed ogres
  A death knight (D:14)
  6 alligators
  2 tengu warriors (D:11)
  3 death yaks (Lair:4)
  An orc high priest (Orc:1)
  A sixfirhy (D:10)
  Amaemon (Lair:2)
  5 goliath frogs
  A swamp dragon (Swamp:1)
  2 deep trolls (Orc:2)
  3 bog bodies
  2 deep elf pyromancers
  2 lindwurms (Lair:5)
  2 orc knights
  3 orc sorcerers (Orc:2)
  12 cyclopes
  4 manticores
  A meliai (Lair:3)
  9 ugly things
  A will-o-the-wisp (Swamp:2)
  A kobold blastminer (Orc:2)
  Maurice (D:7)
  22 elephants
  2 cane toads
  A rust devil (D:10)
  6 black mambas
  2 torpor snails (Lair:5)
  2 molten gargoyles (Lair:5)
  2 gargoyles
  An orange demon (Lair:2)
  A freezing wraith (D:15)
  2 rime drakes
  An efreet (D:15)
  17 komodo dragons
  4 tyrant leeches (Swamp:1)
  A queen bee (D:10)
  14 trolls
  A hellwing (D:10)
  12 dream sheep
  7 hornets
  9 blink frogs
  Prince Ribbit (D:5)
  A blink frog (shapeshifter) (D:15)
  3 spriggans
  A shadow (D:10)
  A vampire (D:12)
  8 wyverns
  A ynoxinul (D:10)
  3 fire elementals (D:15)
  3 humans
  37 yaks
  A wraith (D:11)
  10 basilisks
  A neqoxec (D:10)
  4 steam dragons
  7 wargs
  13 vampire mosquitoes
  6 swamp worms
  4 acid dragons
  4 hell hounds (Lair:5)
  10 water moccasins
  A swamp drake (Swamp:1)
  A sky beast (D:6)
  2 ice beasts
  5 laughing skulls
  10 orc warriors
  5 black bears
  24 ogres
  9 wolves
  10 centaurs
  4 kobold brigands
  19 bullfrogs
  7 earth elementals (D:14)
  2 scorpions
  11 wights
  A burial acolyte (D:5)
  45 killer bees
  A howler monkey (D:11)
  An electric eel (Lair:3)
  A bombardier beetle (D:5)
  7 orc priests
  5 lava snakes (Lair:5)
  6 hounds
  2 jellies
  4 quasits (D:10)
  4 iguanas
  24 orc wizards
  Natasha (thrice) (D:2)
  A hound zombie (D:5)
  2 gnolls
  8 adders
  2 shadow imps (D:5)
  A white imp (D:5)
  2 ufetubi (D:5)
  2 adder zombies (D:5)
  3 dart slugs
  A ribbon worm (D:3)
  64 orcs
  6 ball pythons
  8 endoplasms
  8 giant cockroaches
  3 gnoll zombies (D:5)
  16 goblins
  9 hobgoblins
  4 jackals (D:3)
  25 kobolds
  4 quokkas
  7 bats
  A kobold zombie (D:5)
  7 rats
744 creatures vanquished.

Vanquished Creatures (collateral kills)
  A fenstrider witch (Swamp:2)
  A vault guard (Bailey)
  2 two-headed ogres (D:9)
  A harpy (shapeshifter) (D:9)
  A cyclops (D:9)
  A wraith (D:9)
  A bullfrog (D:9)
  A gnoll sergeant (D:9)
  2 wights (D:6)
  A killer bee (D:9)
  A gnoll bouda (D:9)
  2 orcs
15 creatures vanquished.

Vanquished Creatures (others)
  A bunyip (Swamp:1)
  A bloated husk (Swamp:1)
  A slime creature (D:14)
  A centaur simulacrum (D:14)
  25 jellies
  10 foxfires (Swamp:2)
39 creatures vanquished.

Grand Total: 798 creatures vanquished

Notes
Turn   | Place    | Note
-------+----------+-------------------------------------------
     0 | D:1      | Amaterasu the Draconian Shapeshifter began the quest for
                  | the Orb.
     0 | D:1      | Reached XP level 1. HP: 16/16 MP: 1/1
   318 | D:1      | Reached XP level 2. HP: 21/23 MP: 2/2
   928 | D:2      | Reached XP level 3. HP: 28/28 MP: 3/3
   928 | D:2      | Found a sparkling altar of Nemelex Xobeh.
   931 | D:2      | Noticed Natasha
   942 | D:2      | Killed Natasha
   946 | D:2      | Became a worshipper of Nemelex Xobeh the Trickster
  1139 | D:2      | Reached XP level 4. HP: 29/35 MP: 4/4
  1147 | D:2      | Reached skill level 4 in Unarmed Combat
  1442 | D:2      | Noticed Natasha
  1446 | D:2      | Killed Natasha
  1951 | D:3      | Reached XP level 5. HP: 30/41 MP: 5/5
  2040 | D:3      | Reached * piety under Nemelex Xobeh
  2225 | D:3      | Reached skill level 1 in Invocations
  2295 | D:3      | Received a gift from Nemelex Xobeh
  2693 | D:3      | Reached skill level 5 in Unarmed Combat
  2696 | D:3      | Reached XP level 6. HP: 33/48 MP: 6/6
  2912 | D:3      | Identified a scroll of acquirement
  2912 | D:3      | Acquired the +2 pair of boots "Saiq Doe" {rF+ rN+ Str+2
                  | Dex+2}
  3047 | D:4      | Received a gift from Nemelex Xobeh
  3166 | D:4      | Found an ornate altar of the Wu Jian Council.
  3549 | D:5      | Entered Level 5 of the Dungeon
  3562 | D:5      | Your scales start taking on a golden yellow colour.
  3562 | D:5      | Reached XP level 7. HP: 54/56 MP: 8/8
  3562 | D:5      | Gained mutation: You are resistant to acid. (rCorr) [Yellow
                  | Draconian growth]
  3613 | D:5      | Reached skill level 6 in Unarmed Combat
  3675 | D:5      | Reached ** piety under Nemelex Xobeh
  3746 | D:5      | Noticed Prince Ribbit
  3767 | D:5      | Killed Prince Ribbit
  3768 | D:5      | Reached skill level 7 in Unarmed Combat
  3768 | D:5      | Reached XP level 8. HP: 55/63 MP: 9/9
  3824 | D:5      | Reached skill level 5 in Shapeshifting
  3878 | D:5      | Found a hazy altar of Hepliaklqana.
  3986 | D:5      | Found an ancient bone altar of Kikubaaqudgha.
  4124 | D:5      | Received a gift from Nemelex Xobeh
  4156 | D:5      | Gained mutation: You occasionally lose the ability to read
                  | scrolls when taking damage. [potion of mutation]
  4156 | D:5      | Gained mutation: You have hidden genetic potential. [potion
                  | of mutation]
  4225 | D:6      | Found a staircase to the Ecumenical Temple.
  4243 | D:6      | Reached skill level 8 in Unarmed Combat
  4455 | D:6      | Learned a level 4 spell: Olgreb's Toxic Radiance
  4463 | D:6      | Found Joubion's Book Shop.
  4507 | D:6      | Found a hide-covered altar of Uskayaw.
  4762 | D:7      | Noticed Maurice
  4769 | D:7      | Maurice stole 379 gold
  4771 | D:7      | Something stole a beast talisman
  4784 | D:7      | Killed Maurice
  4785 | D:7      | Reached skill level 1 in Alchemy
  4785 | D:7      | Reached XP level 9. HP: 60/71 MP: 8/11
  4826 | D:7      | Reached *** piety under Nemelex Xobeh
  4863 | D:7      | Reached skill level 1 in Spellcasting
  4865 | D:7      | Reached skill level 9 in Unarmed Combat
  4872 | D:7      | Gained mutation: Your mind is acute. (Int +4, Str/Dex -1)
                  | [hidden potential]
  5033 | D:7      | Found Ylamywkomou's Book Emporium.
  5095 | D:7      | Found a sacrificial altar of Ru.
  5411 | D:8      | Received a gift from Nemelex Xobeh
  5704 | D:8      | Reached **** piety under Nemelex Xobeh
  5712 | D:8      | Reached skill level 5 in Dodging
  5810 | D:8      | Reached skill level 10 in Unarmed Combat
  6274 | D:9      | Found a flagged portal.
  6283 | Bailey   | Entered a bailey
  6311 | Bailey   | Reached skill level 5 in Fighting
  6311 | Bailey   | Reached XP level 10. HP: 21/81 MP: 13/13
  6398 | Bailey   | Gained mutation: You have sharp toenails. [hidden
                  | potential]
  6398 | Bailey   | Lost mutation: You have hidden genetic potential. [hidden
                  | potential expressed]
  6417 | Bailey   | Received a gift from Nemelex Xobeh
  6433 | Bailey   | Noticed a vault guard
  6446 | Bailey   | Identified the +0 quarterstaff of Modesty {venom, rC+ rN+
                  | rCorr Str+3}
  6457 | Bailey   | Killed a vault guard
  6502 | Bailey   | Noticed a vault guard
  6521 | Bailey   | Killed a vault guard
  6522 | Bailey   | Reached skill level 5 in Invocations
  6685 | D:9      | Noticed a two-headed ogre
  6700 | D:9      | Killed a two-headed ogre
  6818 | D:9      | Noticed a two-headed ogre
  6828 | D:9      | Noticed a harpy
  6837 | D:9      | Killed a two-headed ogre
  6839 | D:9      | Killed a harpy
  6840 | D:9      | Reached XP level 11. HP: 61/91 MP: 16/16
  6860 | D:9      | Noticed a two-headed ogre
  6870 | D:9      | Killed a two-headed ogre
  6909 | D:9      | Got Diduh's Cyclopedia of Battle Magic
  7609 | D:10     | Entered Level 10 of the Dungeon
  7623 | D:10     | Noticed a sixfirhy
  7624 | D:10     | Gained mutation: You are frail. (-10% HP) [a neqoxec]
  7667 | D:10     | a sixfirhy changed into a ynoxinul
  7820 | D:10     | Received a gift from Nemelex Xobeh
  7901 | D:10     | Reached ***** piety under Nemelex Xobeh
  7916 | D:10     | Found a staircase to the Orcish Mines.
  8029 | D:10     | Noticed a sixfirhy
  8045 | D:10     | Identified the -1 hand axe of Kiyshor {drain, rElec Int+4
                  | Stlth-}
  8050 | D:10     | Killed a sixfirhy
  8152 | D:10     | Reached skill level 11 in Unarmed Combat
  8152 | D:10     | Reached skill level 5 in Alchemy
  8751 | D:2      | Noticed Natasha
  8756 | D:2      | Killed Natasha
  8757 | D:2      | Reached XP level 12. HP: 90/90 MP: 19/19
  8997 | D:11     | Received a gift from Nemelex Xobeh
  9028 | D:11     | Noticed a centaur warrior
  9040 | D:11     | Killed a centaur warrior
  9047 | D:11     | Reached skill level 5 in Spellcasting
  9076 | D:11     | Noticed a two-headed ogre
  9084 | D:11     | Killed a two-headed ogre
  9196 | D:11     | Found a staircase to the Lair.
  9291 | D:11     | Noticed a tengu warrior
  9294 | D:11     | Noticed a tengu warrior
  9330 | D:11     | Killed a tengu warrior
  9331 | D:11     | Reached skill level 12 in Unarmed Combat
  9342 | D:11     | Killed a tengu warrior
  9522 | D:11     | Noticed a centaur warrior
  9562 | D:11     | Killed a centaur warrior
  9824 | D:11     | Noticed a boulder beetle
  9901 | D:11     | Killed a boulder beetle
 10007 | D:11     | Received a gift from Nemelex Xobeh
 10204 | D:11     | Found a shimmering blue altar of Sif Muna.
 10268 | Lair:1   | Entered Level 1 of the Lair of Beasts
 10754 | Lair:1   | Found a runed translucent door.
 10762 | Lair:1   | Noticed a tentacled starspawn
 11104 | Lair:2   | Noticed Amaemon
 11119 | Lair:2   | Killed Amaemon
 11165 | Lair:2   | Reached XP level 13. HP: 49/97 MP: 6/21
 11225 | Lair:2   | Reached skill level 13 in Unarmed Combat
 11431 | Lair:2   | Found a staircase to the Swamp.
 11494 | Lair:2   | Noticed a dire elephant
 11605 | Lair:2   | Received a gift from Nemelex Xobeh
 11709 | Lair:2   | Killed a dire elephant
 11808 | Lair:2   | Reached skill level 14 in Unarmed Combat
 12047 | Lair:3   | Received a gift from Nemelex Xobeh
 12446 | Lair:3   | Reached skill level 10 in Dodging
 12531 | Lair:3   | Received a gift from Nemelex Xobeh
 12537 | Lair:3   | Found a hole to the Spider Nest.
 12633 | Lair:3   | Reached skill level 10 in Shapeshifting
 12882 | Lair:4   | Learned a level 5 spell: Irradiate
 13025 | Lair:4   | Received a gift from Nemelex Xobeh
 13159 | Lair:4   | Reached skill level 1 in Conjurations
 13341 | Lair:4   | Received a gift from Nemelex Xobeh
 13396 | Lair:4   | Reached ****** piety under Nemelex Xobeh
 13406 | Lair:4   | Gained mutation: You have acidic saliva. [Yellow Draconian
                  | growth]
 13406 | Lair:4   | Reached XP level 14. HP: 107/107 MP: 15/23
 13784 | Lair:5   | Entered Level 5 of the Lair of Beasts
 13912 | Lair:5   | Reached skill level 10 in Fighting
 14287 | Lair:5   | Found a staircase to the Slime Pits.
 14287 | Lair:5   | Found a viscous altar of Jiyva.
 14334 | Lair:5   | Fell from the grace of Nemelex Xobeh
 14334 | Lair:5   | Became a worshipper of Jiyva Jemiyxuv the Shapeless
 14915 | Lair:5   | Found a large runed translucent door.
 14915 | Lair:5   | Found a large runed translucent door.
 15622 | Orc:1    | Entered Level 1 of the Orcish Mines
 15627 | Orc:1    | Reached * piety under Jiyva
 15707 | Orc:2    | Entered Level 2 of the Orcish Mines
 15853 | Orc:2    | Lost mutation: You have sharp toenails. [the wrath of Zin]
 15853 | Orc:2    | Lost mutation: Your mind is acute. (Int +4, Str/Dex -1)
                  | [the wrath of Zin]
 15879 | Orc:2    | Reached XP level 15. HP: 115/115 MP: 9/27
 15892 | Orc:2    | Found Puese's Assorted Antiques.
 15900 | Orc:2    | Found Vioso's Magic Scroll Boutique.
 15922 | Orc:2    | Found Noschek's Distillery.
 15923 | Orc:2    | Found Xexeeziy's Book Emporium.
 15926 | Orc:2    | Found a staircase to the Elven Halls.
 15951 | Orc:2    | Bought a glowing amethyst potion for 29 gold pieces
 15977 | Orc:2    | Bought a scroll of identify for 32 gold pieces
 15977 | Orc:2    | Bought a scroll of identify for 32 gold pieces
 15979 | Orc:2    | Lost mutation: You are frail. (-10% HP) [potion of
                  | mutation]
 15979 | Orc:2    | Lost mutation: You occasionally lose the ability to read
                  | scrolls when taking damage. [potion of mutation]
 15979 | Orc:2    | Gained mutation: You are agile. (Dex +4, Str/Int -1)
                  | [potion of mutation]
 15979 | Orc:2    | Gained mutation: You have large cloven feet. [potion of
                  | mutation]
 16177 | Orc:2    | Reached ** piety under Jiyva
 16382 | Orc:1    | Noticed a fire giant
 16477 | D:12     | Noticed Fannar
 16491 | D:12     | Killed Fannar
 17210 | D:13     | Reached *** piety under Jiyva
 17262 | D:13     | Gained mutation: Your large and strong wings let you fly.
                  | [Jiyva's grace]
 17262 | D:13     | Gained mutation: You possess an exceptional clarity of
                  | mind. [Jiyva's grace]
 17262 | D:13     | Gained mutation: You have supernaturally acute eyesight.
                  | (SInv) [Jiyva's grace]
 17262 | D:13     | Gained mutation: Your translucent skin slightly reduces
                  | your foes' accuracy. (Stealth+) [Jiyva's grace]
 17369 | D:13     | Found Gyecoeff's Armour Shoppe.
 17741 | D:13     | Reached **** piety under Jiyva
 17974 | D:14     | Noticed Agnes
 17985 | D:14     | Killed Agnes
 18282 | D:14     | Found a gate to the Vaults.
 18534 | D:14     | Reached ***** piety under Jiyva
 18641 | D:14     | Gained mutation: Your mind is acute. (Int +4, Str/Dex -1)
                  | [Jiyva's grace]
 18641 | D:14     | Gained mutation: Your mind is very acute. (Int +8, Str/Dex
                  | -2) [Jiyva's grace]
 18641 | D:14     | Gained mutation: Your rubbery body absorbs attacks. (AC +1,
                  | EV +1) [Jiyva's grace]
 18641 | D:14     | Gained mutation: Your pliable body absorbs attacks. (AC +2,
                  | EV +2) [Jiyva's grace]
 18687 | D:14     | Reached skill level 5 in Conjurations
 19015 | D:15     | Entered Level 15 of the Dungeon
 19019 | D:15     | Reached skill level 15 in Unarmed Combat
 19568 | D:15     | Found a staircase to the Depths.
 20174 | Swamp:1  | Entered Level 1 of the Swamp
 20197 | Swamp:1  | Found a runed translucent door.
 20197 | Swamp:1  | Found a shimmering altar of Xom.
 20197 | Swamp:1  | Noticed kwasso's ghost (journeyman MiFi)
 20258 | Swamp:1  | Found a blossoming altar of Fedhas.
 20287 | Swamp:1  | Learned a level 5 spell: Alistair's Intoxication
 20294 | Swamp:1  | Learned a level 6 spell: Eringya's Noxious Bog
 20300 | Swamp:1  | Learned a level 5 spell: Borgnjor's Vile Clutch
 20554 | Swamp:1  | Reached XP level 16. HP: 123/124 MP: 29/29
 20836 | Swamp:2  | Lost mutation: You have large cloven feet. [Jiyva's grace]
 20836 | Swamp:2  | Lost mutation: Your pliable body absorbs attacks. (AC +2,
                  | EV +2) [Jiyva's grace]
 20836 | Swamp:2  | Gained mutation: You have sharp fingernails. [Jiyva's
                  | grace]
 20836 | Swamp:2  | Gained mutation: You have very sharp fingernails. [Jiyva's
                  | grace]
 20836 | Swamp:2  | Gained mutation: You have claws for hands. [Jiyva's grace]
 20836 | Swamp:2  | Gained mutation: You are very agile. (Dex +8, Str/Int -2)
                  | [Jiyva's grace]
 20858 | Swamp:2  | Found a basalt altar of Yredelemnul.
 20948 | Swamp:2  | Paralysed by a hornet for 2 turns
 20954 | Swamp:2  | Reached skill level 1 in Necromancy
 20990 | Swamp:2  | Reached skill level 1 in Earth Magic
 21018 | Swamp:2  | Found a runed translucent door.
 21113 | Swamp:2  | Noticed a thorn hunter
 21123 | Swamp:2  | Killed a thorn hunter
 21247 | Swamp:2  | Reached ****** piety under Jiyva
 21336 | Swamp:2  | Noticed Donald
 21359 | Swamp:2  | Slain by Donald

Illustrated notes

Levels and vault maps discovered:
D:1:      dpeg_arrival_round_c, layout_basic
D:2:      layout_basic, basic_altar, uniq_natasha
D:3:      layout_basic, cheibrodos_gnoll_hut
D:4:      layout_rooms, nicolae_wu_jian_wuxing_cycle, minmay_ogre_servants
D:5:      layout_rooms, regret_index_kikubaaqudgha_part_by_part,
          lemuel_round_altar, uniq_prince_ribbit1
D:6:      layout_rooms, nicolae_uskayaw_dance_hall, minmay_temple_entry_ruins,
          serial_shops, nicolae_shop_stone
D:7:      layout_basic, nicolae_ru_awakened_eye, serial_shops, shop,
          uniq_maurice
D:8:      layout_basic, nicolae_concentric_dashed_squares_wild
D:9:      minmay_bloctagon, layout_basic, serial_corexii_hall,
          chequers_hall_statues_wall_a, chequers_hall_statues_y,
          corexii_hall_statues_x, chequers_hall_statues_wall_a,
          chequers_hall_statues_wall_a, chequers_hall_statues_corner_a,
          enter_bailey_8
D:10:     layout_roguey, orc_0_dummy, serial_demonic, serial_demonic_f,
          serial_demonic_c, serial_demonic_g, serial_demonic_b,
          serial_demonic_d, serial_demonic_a, special_room [special_room_bee]
D:11:     minmay_opposing_rooms, layout_irregular_city, david_lair_generic,
          kennysheep_orc_sif_temple
D:12:     layout_loops_ring, uniq_fannar
D:13:     layout_loops_cross, special_room [special_room_orc], serial_shops,
          shop, serial_bayou_pond_c, serial_park_tiny_pond
D:14:     layout_long_grid, david_vaults_5, minmay_misc_feat_roman,
          hangedman_cracks_in_the_wall, uniq_agnes
D:15:     grunt_enter_depths_hoard, layout_long_grid, chequers_hall_statues_y
Lair:1:   layout_roguey, pdpol_lair_cabin_in_the_woods,
          infiniplex_staircase_pool_2
Lair:2:   mu_elephants_graveyard, layout_misc_corridors,
          skrybe_swamp_entry_bodies, uniq_amaemon
Lair:3:   layout_long_grid, hellmonk_spider_entry_not_the_bees,
          hangedman_lair_unloving_vines, nicolae_quartered_pool_medium
Lair:4:   layout_regular_city, grunt_megastairs_3
Lair:5:   cheibrodos_lair_end_hotspot, layout_regular_city, slime_entry_1
Swamp:1:  layout_falls_marsh, ebering_ghost_xom,
          nicolae_swamp_feature_on_the_river_bank
Swamp:2:  layout_falls_marsh, lemuel_altar_in_water, nzn_swamp_weyward_sisters,
          uniq_donald
Orc:1:    layout_caves, nicolae_volcano_entry_s_turn
Orc:2:    st_orc_open, layout_caves

Skill      XL: |  1  2  3  4  5  6  7  8  9 10 11 12 13 14 15 16 |
---------------+-------------------------------------------------+-----
Dodging        | 2 3 4 5 6 8 9 10 11 12 | 12.6
Unarmed Combat | 4 5 7 8 10 11 12 14 15 | 15.8
Fighting       | 2 3 4 5 6 7 8 9 10 11 | 11.4
Invocations    | 1 2 3 4 5 6 |  6.0
Shapeshifting  | 4 5 6 7 8 10 11 | 11.0
Alchemy        | 1 2 4 5 6 8 9 |  9.5
Spellcasting   | 2 3 4 5 6 8 9 |  9.4
Conjurations   | 1 4 5 |  5.6
Necromancy     | 1 |  1.9
Earth Magic    | 1 |  1.7

Action                     |  1- 3 |  4- 6 |  7- 9 | 10-12 | 13-15 | 16-18 || total
---------------------------+-------+-------+-------+-------+-------+-------++-------
  Melee: Unarmed           |    68 |   198 |   310 |   616 |  1121 |   108 ||  2421
         Tailslap          |     2 |    22 |    52 |   106 |   225 |    28 ||   435
         Punch             |       |     7 |    17 |     3 |   109 |    10 ||   146
         Kick              |       |       |       |    21 |       |       ||    21
         Maw               |       |       |       |       |   340 |    48 ||   388
         Bite              |       |       |       |       |   126 |    20 ||   146
   Cast: Olgreb's Toxic Ra |       |       |       |     9 |    61 |       ||    70
         Irradiate         |       |       |       |       |     1 |     3 ||     4
         Eringya's Noxious |       |       |       |       |       |     2 ||     2
 Invoke: Draw Destruction  |       |     1 |    12 |    11 |     3 |       ||    27
         Draw Summoning    |       |       |     1 |     6 |       |       ||     7
         Deal Four         |       |       |       |     1 |       |       ||     1
Ability: Breathe Acid      |       |       |    13 |    18 |    16 |     3 ||    50
    Use: Scroll            |     1 |     7 |     7 |     9 |     5 |     1 ||    30
         Potion            |       |       |     1 |     3 |     1 |       ||     5
   Stab: Sleeping          |     2 |       |       |       |     5 |     3 ||    10
         Distracted        |       |       |     1 |     1 |       |       ||     2
 Armour: Skin              |    44 |   111 |   192 |   353 |   575 |    53 ||  1328
  Dodge: Dodged            |    44 |   137 |   180 |   660 |  1260 |   122 ||  2403
  Block: Other             |       |       |       |       |    24 |    21 ||    45
         Reflection        |       |       |       |       |       |     2 ||     2
   Form: Beast             |     1 |       |       |       |       |       ||     1
         Flux              |       |       |       |     1 |       |       ||     1
         Maw               |       |       |       |       |     1 |       ||     1
